 Dungeon Sprint DCSS version 0.30-a0-123-g91d0c66ccf (webtiles) character file.

Game seed: 15740373768276746602

17711 jt the Imperceptible (level 12, -7/95 HPs)
             Began as a Kobold Artificer on Sept 17, 2022.
             Was the Champion of Dithmenos.
             Mangled by a tentacle (20 damage)
             ... attached to a kraken
             ... in the Dungeon (Sprint II: "The Violet Keep of Menkaure").
             The game lasted 00:19:53 (2433 turns).

jt the Imperceptible (Kobold Artificer)             Turns: 2433, Time: 00:19:54

Health: -7/95      AC: 11    Str: 16    XL:     12   Next: 86%
Magic:  21/21      EV: 14    Int: 12    God:    Dithmenos [******]
Gold:   1871       SH:  8    Dex: 19    Spells: 23/27 levels left

rFire   + . .      SeeInvis .    l - +0 dagger
rCold   + + .      Faith    .    n - +3 warlock's mirror {reflect}
rNeg    + . .      Spirit   .    M - +2 leather armour {rF+}
rPois   +          Reflect  +    (helmet restricted)
rElec   .          Harm     .    b - +2 cloak of Quantum Leap {*Slow Will+ Str+3}
rCorr   .          Rampage  +    f - +2 pair of gloves of the Soldier {Fly}
Will    +....      NoTele   +    (no boots) Stlth *********+
                                 j - amulet "Dofiacri" {Rampage rPois Regen+ Str+2}
HPRegen 1.05/turn                L - ring of positive energy
MPRegen 0.17/turn                V - ring "Gotith" {rC++ Slay+4}

@: flying, wreathed by umbra
A: small, no large weapons, nightstalker 3, horns 1, low MP 1, poison
resistance, screaming 1
a: Renounce Religion, Shadow Step, Shadow Form


You were in the Dungeon.
You worshipped Dithmenos.
Dithmenos was exalted by your worship.
You visited 1 branch You collected 4050 gold pieces.
You spent 2179 gold pieces at shops.

Inventory:

Hand Weapons
 l - a +0 dagger (weapon)
 o - the +5 spear of the Lamprey {flame, rF+}
   (You found it in the Dungeon)

   It burns those it strikes, dealing additional fire damage.
   rF:        It protects you from fire.
 J - a +2 shortbow of flaming
Missiles
 p - 5 poisoned darts
 D - 2 silver boomerangs
Armour
 a - the +4 scale mail of Filth {rPois rC+ rN+ Int-3}
   (You found it in the Dungeon)

   Int:       It affects your intelligence (-3).
   rC:        It protects you from cold.
   rPois:     It protects you from poison.
   rN:        It protects you from negative energy.
 b - the +2 cloak of Quantum Leap (worn) {*Slow Will+ Str+3}
   (You acquired it in the Dungeon)

   Str:       It affects your strength (+3).
   *Slow:     It may slow you when you take damage.
   Will:      It increases your willpower.
 f - the +2 pair of gloves of the Soldier (worn) {Fly}
   (You bought it in a shop in the Dungeon)

   Fly:       It grants you flight.
 n - the +3 warlock's mirror (worn) {reflect}
   (You acquired it in the Dungeon)

   It can block and reflect piercing ranged attacks and magical attacks against
   the wielder's willpower.
 t - a +1 hat
 y - a +2 helmet of see invisible
 B - a +2 scale mail of fire resistance
 H - a +3 leather armour of cold resistance
 I - a +0 robe of resistance
 M - a +2 leather armour of fire resistance (worn)
Magical Staves
 G - a staff of air
 S - a staff of cold
Jewellery
 j - the amulet "Dofiacri" (around neck) {Rampage rPois Regen+ Str+2}
   (You bought it in a shop in the Dungeon)

   [amulet of regeneration]

   Str:       It affects your strength (+2).
   rPois:     It protects you from poison.
   Regen:     It increases your rate of health regeneration.
   Rampage:   It bestows one free step when moving towards enemies.
 L - a ring of positive energy (left hand)
 P - a ring of poison resistance
 R - a ring of fire
 T - an amulet of guardian spirit
 V - the ring "Gotith" (right hand) {rC++ Slay+4}
   (You found it in the Dungeon)

   [ring of slaying]

   Slay:      It affects your accuracy & damage with ranged weapons and melee
   (+4).
   rC:        It greatly protects you from cold.
 W - the ring of Knowledge {rN+ AC+4 Str+3 Dex+4}
   (You found it in the Dungeon)

   [ring of protection]

   AC:        It affects your AC (+4).
   Str:       It affects your strength (+3).
   Dex:       It affects your dexterity (+4).
   rN:        It protects you from negative energy.
 Y - a +6 ring of strength
Wands
 c - a wand of flame (7) (quivered)
 d - a wand of charming (1)
 e - a wand of iceblast (2)
Scrolls
 k - 3 scrolls of blinking
 m - 2 scrolls of poison
 q - 2 scrolls of fog
 v - 5 scrolls of enchant armour
 w - a scroll of vulnerability
 C - 3 scrolls of immolation
 E - a scroll of amnesia
 F - a scroll of silence
 Q - 3 scrolls of fear
Potions
 g - a potion of heal wounds
 h - 2 potions of resistance
 i - 23 potions of magic
 r - 10 potions of flight
 s - 3 potions of attraction
 u - a potion of lignification
 x - a potion of curing
 z - a potion of might
 A - a potion of brilliance
 K - a potion of mutation
 O - 8 potions of haste
Miscellaneous
 N - a lightning rod (4/4)
 U - a tin of tremorstones (2/2)
 X - a phantom mirror
 Z - a condenser vane


   Skills:
 - Level 19.1 Fighting
 - Level 10.0 Short Blades
 - Level 4.0 Armour
 - Level 2.4 Dodging
 - Level 23.9 Stealth
 + Level 0.7 Shields
 - Level 8.1 Spellcasting
 - Level 8.1 Transmutations
 - Level 8.0 Earth Magic
 - Level 7.1 Invocations
 - Level 11.7 Evocations


You had 23 spell levels left.
You knew the following spells:

 Your Spells              Type           Power      Damage    Failure   Level
a - Passwall              Tmut/Erth      20%        N/A       1%          2
b - Wereblood             Tmut           24%        N/A       1%          2

Your spell library contained the following spells:

 Spells                   Type           Power      Damage    Failure   Level
 Beastly Appendage        Tmut           48%        N/A       1%          1
 Petrify                  Tmut/Erth      24%        N/A       10%         4
 Spider Form              Tmut/Pois      14%        N/A       16%         3
 Stone Arrow              Conj/Erth      28%        3d8       16%         3
 Blade Hands              Tmut           12%        N/A       26%         5
 Ensorcelled Hibernation  Hex/Ice        8%         N/A       38%         2
 Scorch                   Fire           8%         2d5       38%         2
 Dazzling Flash           Conj/Hex       8%         N/A       63%         3
 Frozen Ramparts          Ice            8%         1d2       63%         3
 Ozocubu's Armour         Ice            4%         N/A       63%         3
 Swiftness                Air            4%         N/A       63%         3
 Irradiate                Conj/Tmut      7%         3d14      80%         5
 Flame Wave               Conj/Fire      4%         2d5       95%         4
 Iskenderun's Mystic Bla  Conj/Tloc      4%         2d3       95%         4
 Olgreb's Toxic Radiance  Pois           4%         N/A       95%         4
 Iron Shot                Conj/Erth      7%         9d2       100%        6
 Starburst                Conj/Fire      2%         6d3       100%        6
 Summon Cactus Giant      Summ           2%         N/A       100%        6
 Dragon Form              Tmut           12%        N/A       100%        7
 Polar Vortex             Ice            2%         N/A       100%        9


Dungeon Overview and Level Annotations

Branches:
Dungeon (1/1)

Altars:
Cheibriados
Dithmenos
Elyvilon
Fedhas
Gozag
Hepliaklqana
Kikubaaqudgha
Makhleb
Nemelex Xobeh
Okawaru
Qazlal
Ru
Sif Muna
Trog
Uskayaw
Vehumet
Wu Jian
Xom
Yredelemnul
Zin
The Shining One
Jiyva
Lugonu

Shops:
D :**=[?==(![?(:[*!:*:

Annotations:
D exclusion: orange crystal statue


Innate Abilities, Weirdness & Mutations

You are small and have problems with some larger weapons.
You are completely attuned to the shadows.
You have a pair of small horns on your head.
Your magical capacity is low. (-10% MP)
Your system is resistant to poisons. (rPois)
You occasionally shout uncontrollably at your foes.


Message History

You are engulfed in blazing flames.
You resist.
* * * LOW HITPOINT WARNING * * *
You feel much better.
You are engulfed in blazing flames.
You resist.
* * * LOW HITPOINT WARNING * * *
Really fly into that cloud of flame? [Y]es or [N]o only, please.
Really fly into that cloud of flame? [Y]es or [N]o only, please.
Really fly into that cloud of flame?
Okay, then.
Unknown command.
You feel much better.
You are engulfed in blazing flames.
You resist.
You emit a cloud of dark smoke.
You are engulfed in blazing flames.
You resist.
* * * LOW HITPOINT WARNING * * *
You emit a cloud of dark smoke.
There is an open door here.
You feel yourself speed up.
You reach down and close the door.
You start resting.
HP restored.
Okay, then.
There is an open door here.
You catch the helpless kraken completely off-guard!
You stick the kraken like a pincushion!!!
You headbutt the kraken.
The kraken is moderately wounded.
Your shadow hits the kraken but does no damage.
The kraken bites you!!! The kraken attacks as you move away!
The kraken bites you!!
* * * LOW HITPOINT WARNING * * *
Tentacles burst out of the water! 4 tentacles come into view.
The tentacle slaps you!!
* * * LOW HITPOINT WARNING * * *
You emit a cloud of dark smoke.
You feel much better. The tentacle slaps you!
* * * LOW HITPOINT WARNING * * *
You emit a cloud of dark smoke.
The tentacle slaps you!!
You die...

##.# k#°[▓......).▓▓
.'.##.#)[▓[[[.[)..▓▓
.#÷..####▓...(....▓▓
###..##.#▓[...(.).▓▓
..'..#..#▓.)......▓▓
..#..#..#▓........▓▓
###..##.#▓(....§..▓▓
.###.^.##▓▓▓▓▓▓▓§▓▓▓▓+▓
...~~~~~~~~~~~§§@w─≈≈≈▓
...§#+########§###§Xw≈▓
~..~#_._._...#~~§##ww≈▓
~~.§#._._._._#~§§§####▓▓▓▓▓
~~§~#_._._._.#~§~§≈##..#..▓
§§§§#._._._._#~§~≈§≈#.[#.†▓
§≈≈~#.._._._.#~§§§§≈'..'..▓
##§§#y.._._._#§~§§≈§#.[#.†▓
.#§§#...._._.#~~≈§≈≈▓..#..▓


You could see a tentacle.

Vanquished Creatures
  2 sphinxes (D)
  Gastronok (D)
  A draconian knight (D)
  Nessos (D)
  A dire elephant (D)
  A boulder beetle (D)
  2 sixfirhies (D)
  2 deep trolls (D)
  2 manticores (D)
  3 orc sorcerers (D)
  An oklob plant (D)
  3 shining eyes (D)
  2 toenail golems (D)
  2 cane toads (D)
  2 polar bears (D)
  3 slime creatures (D)
  A blink frog (D)
  A flying skull (D)
  2 wyverns (D)
  4 water moccasins (D)
  4 lava snakes (D)
  A jelly (D)
  4 orc priests (D)
  3 worms (D)
49 creatures vanquished.

Vanquished Creatures (collateral kills)
  the Lernaean hydra (D)
  A yaktaur (D)
  2 polar bears (D)
  2 scorpions (D)
6 creatures vanquished.

Vanquished Creatures (others)
  A sixfirhy (D)
  A manticore (D)
  A polar bear (D)
  2 scorpions (D)
5 creatures vanquished.

Grand Total: 60 creatures vanquished

Notes
Turn   | Place    | Note
-------+----------+-------------------------------------------
     0 | D        | jt the Kobold Artificer began the quest for the Orb.
     0 | D        | Reached XP level 1. HP: 12/12 MP: 1/1
     4 | D        | Noticed a scorpion
     4 | D        | Noticed a scorpion
     4 | D        | Noticed a scorpion
     4 | D        | Noticed a scorpion
    12 | D        | Killed a scorpion
    13 | D        | Reached XP level 2. HP: 16/16 MP: 2/2
    13 | D        | Reached XP level 3. HP: 20/20 MP: 3/3
    13 | D        | Reached XP level 4. HP: 25/25 MP: 4/4
    27 | D        | Killed a scorpion
    28 | D        | Reached XP level 5. HP: 29/29 MP: 5/5
    43 | D        | Found Aqukazex's Distillery.
   145 | D        | Noticed a boulder beetle
   145 | D        | Noticed a boulder beetle
   148 | D        | Noticed a wyvern
   148 | D        | Noticed a wyvern
   156 | D        | Found Kigior's Book Shoppe.
   157 | D        | Found Riuherr's Antique Armour Shoppe.
   158 | D        | Found Teorapna's Magic Scroll Emporium.
   158 | D        | Found Fusugoneari's Armour Shoppe.
   159 | D        | Found Feustror's Antique Weapon Emporium.
   159 | D        | Found Ofefux's Jewellery Shoppe.
   159 | D        | Found Depaniep's Jewellery Emporium.
   160 | D        | Found Hinethai's Antique Armour Shoppe.
   160 | D        | Found Sezenira's Jewellery Emporium.
   160 | D        | Noticed a shining eye
   161 | D        | Noticed a shining eye
   161 | D        | Noticed a shining eye
   162 | D        | Found Veromanu's Distillery.
   162 | D        | Found Ceg Ynaf's Assorted Antiques.
   163 | D        | Noticed a polar bear
   165 | D        | Found Kana Nuq's Weapon Emporium.
   165 | D        | Found Paonap's Book Shoppe.
   179 | D        | Bought the +2 pair of gloves of the Soldier {Fly} for 306
                  | gold pieces
   187 | D        | Bought a dagger for 46 gold pieces
   197 | D        | Noticed a blink frog
   211 | D        | Killed a blink frog
   212 | D        | Reached skill level 5 in Fighting
   212 | D        | Reached skill level 7 in Stealth
   212 | D        | Reached XP level 6. HP: 33/40 MP: 6/6
   270 | D        | Noticed an orange crystal statue
   301 | D        | Found a blossoming altar of Fedhas.
   342 | D        | Found a white marble altar of Elyvilon.
   342 | D        | Found an opulent altar of Gozag.
   342 | D        | Found a burning altar of Makhleb.
   343 | D        | Found a sparkling altar of Nemelex Xobeh.
   344 | D        | Found an iron altar of Okawaru.
   344 | D        | Found a radiant altar of Vehumet.
   350 | D        | Found a hide-covered altar of Uskayaw.
   351 | D        | Found a glowing silver altar of Zin.
   351 | D        | Found a bloodstained altar of Trog.
   351 | D        | Noticed a polar bear
   352 | D        | Found a basalt altar of Yredelemnul.
   352 | D        | Noticed a yaktaur
   352 | D        | Noticed a hornet
   353 | D        | Noticed a polar bear
   353 | D        | Noticed a polar bear
   360 | D        | Killed a polar bear
   361 | D        | Reached skill level 9 in Stealth
   361 | D        | Reached XP level 7. HP: 20/47 MP: 7/7
   362 | D        | Killed a yaktaur
   363 | D        | Reached skill level 10 in Stealth
   363 | D        | Reached XP level 8. HP: 23/54 MP: 8/8
   373 | D        | Found a corrupted altar of Lugonu.
   374 | D        | Found a shimmering blue altar of Sif Muna.
   374 | D        | Found an ancient bone altar of Kikubaaqudgha.
   375 | D        | Found a shimmering altar of Xom.
   375 | D        | Found a sacrificial altar of Ru.
   375 | D        | Found a shadowy altar of Dithmenos.
   375 | D        | Found a viscous altar of Jiyva.
   376 | D        | Found an ornate altar of the Wu Jian Council.
   376 | D        | Found a glowing golden altar of the Shining One.
   376 | D        | Found a stormy altar of Qazlal.
   376 | D        | Found a snail-covered altar of Cheibriados.
   376 | D        | Found a hazy altar of Hepliaklqana.
   380 | D        | Became a worshipper of Dithmenos the Shadowed
   389 | D        | Killed a polar bear
   390 | D        | Reached skill level 11 in Stealth
   535 | D        | Noticed a slime creature
   536 | D        | Noticed a slime creature
   536 | D        | Noticed a slime creature
   537 | D        | Killed a slime creature
   538 | D        | Reached skill level 10 in Short Blades
   539 | D        | Killed a slime creature
   539 | D        | Reached * piety under Dithmenos
   540 | D        | Reached skill level 12 in Stealth
   540 | D        | Killed a slime creature
   541 | D        | Reached skill level 10 in Fighting
   541 | D        | Reached skill level 13 in Stealth
   545 | D        | Noticed a manticore
   545 | D        | Noticed a manticore
   546 | D        | Noticed a manticore
   552 | D        | Killed a manticore
   553 | D        | Reached skill level 14 in Stealth
   553 | D        | Reached XP level 9. HP: 65/65 MP: 9/9
   559 | D        | Killed a manticore
   559 | D        | Reached ** piety under Dithmenos
   560 | D        | Reached skill level 15 in Stealth
   796 | D        | Bought an inky potion for 22 gold pieces
   796 | D        | Bought a scroll labelled KUSYIGHODD for 25 gold pieces
   796 | D        | Bought a dark potion for 22 gold pieces
   796 | D        | Bought a glowing amethyst potion for 22 gold pieces
   796 | D        | Bought a scroll labelled ERET MOINI for 25 gold pieces
   798 | D        | Bought a potion of heal wounds for 65 gold pieces
   798 | D        | Bought a potion of lignification for 39 gold pieces
   817 | D        | Reached skill level 16 in Stealth
   989 | D        | Bought a scroll of poison for 56 gold pieces
   989 | D        | Bought a scroll of identify for 28 gold pieces
   989 | D        | Bought a scroll of fog for 56 gold pieces
  1045 | D        | Reached *** piety under Dithmenos
  1046 | D        | Reached skill level 17 in Stealth
  1325 | D        | Noticed a deep troll
  1326 | D        | Noticed a deep troll
  1328 | D        | Killed a deep troll
  1329 | D        | Reached skill level 18 in Stealth
  1329 | D        | Reached XP level 10. HP: 75/75 MP: 10/10
  1329 | D        | Killed a deep troll
  1332 | D        | Noticed a sphinx
  1332 | D        | Noticed a sphinx
  1335 | D        | Killed a sphinx
  1335 | D        | Reached **** piety under Dithmenos
  1336 | D        | Reached skill level 15 in Fighting
  1336 | D        | Reached skill level 20 in Stealth
  1336 | D        | Killed a sphinx
  1337 | D        | Reached skill level 21 in Stealth
  1337 | D        | Reached XP level 11. HP: 84/84 MP: 11/11
  1380 | D        | Noticed a kraken
  1428 | D        | Bought the amulet "Dofiacri" {Rampage rPois Regen+ Str+2}
                  | for 499 gold pieces
  1452 | D        | Killed a boulder beetle
  1558 | D        | Got the Directory of Chilled Reformation
  1648 | D        | Noticed a sixfirhy
  1649 | D        | Reached ***** piety under Dithmenos
  1650 | D        | Noticed a sixfirhy
  1653 | D        | Noticed a sixfirhy
  1671 | D        | Found Gyugg's Book Shoppe.
  1672 | D        | Found Lofos's General Store.
  1680 | D        | Bought a book of Burglary for 280 gold pieces
  1686 | D        | Learned a level 2 spell: Passwall
  1712 | D        | Killed a sixfirhy
  1713 | D        | Reached skill level 1 in Spellcasting
  1713 | D        | Reached skill level 1 in Transmutations
  1713 | D        | Reached skill level 1 in Earth Magic
  1730 | D        | Killed a sixfirhy
  1731 | D        | Reached skill level 22 in Stealth
  1743 | D        | Identified a scroll of acquirement
  1744 | D        | Acquired a +1 helmet of see invisible
  1754 | D        | Noticed Gastronok
  1755 | D        | Killed Gastronok
  1787 | D        | Gained mutation: You are agile. (Dex +4, Str/Int -1)
                  | [potion of mutation]
  1843 | D        | Identified the +6 whip of Valiance {elec, Fragile rCorr
                  | Dex-4 Stlth+}
  1864 | D        | Found Far Soataass's Assorted Antiques.
  1884 | D        | Bought a scroll labelled SOVOABYIMIOM for 22 gold pieces
  1884 | D        | Bought a silver ring for 110 gold pieces
  1897 | D        | Found Qaremec's Magic Scroll Boutique.
  1902 | D        | Found Qeutis's Assorted Antiques.
  1903 | D        | Noticed Nessos
  1905 | D        | Killed Nessos
  1908 | D        | Bought a potion of heal wounds for 115 gold pieces
  1911 | D        | Bought a scroll of fear for 52 gold pieces
  1911 | D        | Bought 3 scrolls of enchant armour for 292 gold pieces
  1911 | D        | Bought a scroll of enchant armour for 97 gold pieces
  1943 | D        | Noticed a dire elephant
  1943 | D        | Noticed an orc sorcerer
  1943 | D        | Noticed an orc sorcerer
  1944 | D        | Noticed an orc sorcerer
  1945 | D        | Killed a dire elephant
  1945 | D        | Reached ****** piety under Dithmenos
  1946 | D        | Reached skill level 5 in Spellcasting
  1946 | D        | Reached skill level 5 in Transmutations
  1946 | D        | Reached skill level 5 in Earth Magic
  1947 | D        | Killed an orc sorcerer
  1949 | D        | Killed an orc sorcerer
  1950 | D        | Reached XP level 12. HP: 92/92 MP: 17/20
  1966 | D        | Identified the ring "Gotith" {rC++ Slay+4}
  1974 | D        | Identified the ring of Knowledge {rN+ AC+4 Str+3 Dex+4}
  1982 | D        | Identified the +4 scale mail of Filth {rPois rC+ rN+ Int-3}
  1993 | D        | Identified the +7 plate armour of a bailey {+Inv rN+}
  2011 | D        | Identified the +5 spear of the Lamprey {flame, rF+}
  2038 | D        | Acquired the +2 cloak of Quantum Leap {*Slow Will+ Str+3}
  2047 | D        | Acquired the +3 warlock's mirror {reflect}
  2047 | D        | Found the +3 warlock's mirror {reflect}
  2054 | D        | Acquired 740 gold pieces
  2101 | D        | Noticed the 27-headed Lernaean hydra
  2104 | D        | Killed the 27-headed Lernaean hydra
  2105 | D        | Reached skill level 23 in Stealth
  2105 | D        | Reached skill level 5 in Invocations
  2119 | D        | Noticed a black draconian knight
  2120 | D        | Got the Precepts of Virulent Geology
  2125 | D        | Killed a black draconian knight
  2130 | D        | Found Cuterrusm's Book Shoppe.
  2152 | D        | Gained mutation: You are vulnerable to cold. (rC-) [a
                  | shining eye]
  2263 | D        | Learned a level 2 spell: Wereblood
  2277 | D        | Lost mutation: You are vulnerable to cold. (rC-) [potion of
                  | mutation]
  2277 | D        | Lost mutation: You are agile. (Dex +4, Str/Int -1) [potion
                  | of mutation]
  2277 | D        | Gained mutation: You are frail. (-10% HP) [potion of
                  | mutation]
  2282 | D        | Lost mutation: You are frail. (-10% HP) [potion of
                  | mutation]
  2282 | D        | Gained mutation: You occasionally shout uncontrollably at
                  | your foes. [potion of mutation]
  2282 | D        | Gained mutation: Your magical capacity is low. (-10% MP)
                  | [potion of mutation]
  2282 | D        | Gained mutation: You have a pair of small horns on your
                  | head. [potion of mutation]
  2282 | D        | Gained mutation: Your system is resistant to poisons.
                  | (rPois) [potion of mutation]
  2433 | D        | Mangled by a tentacle

Illustrated notes

Levels and vault maps discovered:
D:        the_violet_keep_of_menkaure [sprint2_stairs_cluster_1,
          sprint2_shoproom, sprint2_temple, sprint2_basic_supplies,
          sprint2_obstacle_4, sprint2_obstacle_5, sprint2_obstacle_7,
          sprint2_obstacle_2, sprint2_obstacle_1, sprint2_timed_cluster_1,
          sprint2_smallroom_cluster_1, sprint2_smallroom_final_cluster_1,
          sprint2_transparent_cluster_1, sprint2_second_timed_cluster_1,
          sprint2_sniper_area_1, sprint2_heavy_combat_area_1,
          sprint2_mutation_trap_area_1, sprint2_forest_area_1,
          sprint2_light_combat_area_1, sprint2_behind_water_1,
          sprint2_near_end_vault_1]

Skill      XL: |  1  2  3  4  5  6  7  8  9 10 11 12 |
---------------+-------------------------------------+-----
Evocations     | 9 11 | 11.7
Fighting       | 5 6 8 11 14 16 18 19 | 19.1
Short Blades   | 6 8 9 10 | 10.0
Stealth        | 7 9 10 14 18 21 22 23 | 23.9
Armour         | 3 4 |  4.0
Spellcasting   | 5 8 |  8.1
Transmutations | 5 8 |  8.1
Earth Magic    | 5 8 |  8.0
Invocations    | 3 7 |  7.1
Dodging        | |  2.4
Shields        | |  0.7

Action                   |  1- 3 |  4- 6 |  7- 9 | 10-12 || total
-------------------------+-------+-------+-------+-------++-------
Melee: Club              |       |     6 |       |       ||     6
       Dagger            |       |     2 |    43 |   152 ||   197
       Punch             |       |       |     2 |       ||     2
       Headbutt          |       |       |       |     3 ||     3
 Cast: Passwall          |       |       |       |     6 ||     6
Evoke: Wand              |     4 |    12 |     7 |     2 ||    25
       Phantom mirror    |       |       |       |     1 ||     1
  Use: Potion            |     1 |       |     2 |    10 ||    13
       Scroll            |       |       |       |    15 ||    15
 Stab: Sleeping          |       |       |     7 |    21 ||    28
       Distracted        |       |       |       |     5 ||     5
Armor: Leather armour    |     1 |       |       |    12 ||    13
       Ring mail         |       |     3 |     7 |     6 ||    16
Dodge: Dodged            |     3 |    11 |    19 |    57 ||    90
Block: Buckler           |       |       |       |    23 ||    23
       Reflection        |       |       |       |     1 ||     1

Table legend: (Time is in decaauts)
 A = Elapsed time spent in this place.
 B = Non-inter-level travel time spent in this place.
 C = Inter-level travel time spent in this place.
 D = Time resting spent in this place.
 E = Time spent auto-exploring this place.
 F = Levels seen in this place.
 G = Mean time per level.
                   A        B        C        D        E       F      G
               +--------+--------+--------+--------+--------+-----+--------+
         Total |   2326 |   2283 |     43 |    979 |      0 |   1 | 2326.0 |
       Dungeon |   2326 |   2283 |     43 |    979 |      0 |   1 | 2326.0 |
               +--------+--------+--------+--------+--------+-----+--------+

Top non-repeatable levels by time:
       D: 2326 daAuts
